 Dungeon Crawl Stone Soup version 0.30-a0-738-g116ff8c4af (webtiles) character file.

Game seed: 429416885527448999

11601 Ijustatesigmund the Thaumaturge (level 11, 0/62 HPs)
             Began as a Deep Elf Conjurer on Feb 3, 2023.
             Slain by a small abomination (1 damage)
             ... on level 1 of the Abyss.
             The game lasted 00:40:06 (14475 turns).

Ijustatesigmund the Thaumaturge (DECj)             Turns: 14475, Time: 00:40:07

Health: 0/62       AC: 16    Str:  4    XL:     11   Next: 51%
Magic:  16/29      EV:  9    Int: 28    God:
Gold:   320        SH:  0    Dex: 11    Spells: 23/34 levels left

rFire   . . .      SeeInvis .    g - +4 shortbow
rCold   + . .      Faith    .    (shield currently unavailable)
rNeg    + + .      Spirit   .    v - +5 swamp dragon scales
rPois   +          Reflect  .    (no helmet)
rElec   .          Harm     .    l - +1 cloak
rCorr   .          Rampage  .    (no gloves)
Will    +....                    (no boots)
Stlth   +                        (no amulet)
HPRegen 0.30/turn                q - ring of positive energy
MPRegen 0.21/turn                s - ring of positive energy

@: freezing walls
A: clumsy 1, cold resistance 1
a: no special abilities


You were on level 1 of the Abyss.
You visited 2 branches of the dungeon, and saw 11 of its levels.
You visited the Abyss 1 time.

You collected 416 gold pieces.
You spent 96 gold pieces at shops.

Inventory:

Hand Weapons
 b - the +8 demon blade "Leech" {evervamp, Harm Drain rN+}
   (You found it on level 3 of the Dungeon)

   rN:        It protects you from negative energy.
   Drain:     It drains your maximum health when unequipped.
   Harm:      It increases damage dealt and taken.
 g - a +4 shortbow (weapon)
 n - the +5 quarterstaff of Karma {freeze, rPois Str+3 Dex+2}
   (You took it off an orc on level 5 of the Dungeon)

   Str:       It affects your strength (+3).
   Dex:       It affects your dexterity (+2).
   rPois:     It protects you from poison.
 t - a +2 short sword
Armour
 a - a +1 robe of fire resistance
 l - a +1 cloak (worn)
 v - +5 swamp dragon scales (worn)
 w - the +3 hat of Pondering {ponderous, Will+ MP+10 Int+5}
   (You took it off Gastronok on level 9 of the Dungeon)

   Int:       It affects your intelligence (+5).
   MP:        It affects your magic capacity (+10).
   Will:      It increases your willpower.
Magical Staves
 c - a staff of cold
Jewellery
 q - a ring of positive energy (left hand)
 s - a ring of positive energy (right hand)
Wands
 e - a wand of flame (25)
 r - a wand of charming (7)
 u - a wand of mindburst (5)
 x - a wand of light (5)
Scrolls
 j - a scroll of fog
 k - 4 scrolls of vulnerability
 p - 2 scrolls of identify
 y - a scroll of immolation
 A - a scroll of poison
Potions
 d - 4 potions of curing
 f - 3 potions of heal wounds
 h - 5 potions of flight
 i - 3 potions of attraction
 m - a potion of might
 o - 2 potions of mutation
 z - a potion of haste


   Skills:
 - Level 4.9 Fighting
 - Level 3.0 Ranged Weapons
 + Level 5.8 Armour
 - Level 2.4 Dodging
 - Level 2.4 Stealth
 - Level 12.1 Spellcasting
 - Level 8.7 Conjurations
 - Level 8.7 Ice Magic
 - Level 9.1 Air Magic


You had 23 spell levels left.
You knew the following spells:

 Your Spells              Type           Power      Damage    Failure   Level
a - Magic Dart            Conj           100%       1d8       1%          1
b - Searing Ray           Conj           100%       2d8       1%          2
c - Freezing Cloud        Conj/Ice/Air   30%        6-21      12%         5
d - Frozen Ramparts       Ice            100%       1d16      1%          3

Your spell library contained the following spells:

 Spells                   Type           Power      Damage    Failure   Level
 Freeze                   Ice            100%       1d10      1%          1
 Hailstorm                Conj/Ice       60%        3d13      1%          3
 Foxfire                  Conj/Fire      100%       2x1d9     2%          1
 Dazzling Flash           Conj/Hex       82%        N/A       8%          3
 Beastly Appendage        Tmut           32%        N/A       16%         1
 Wereblood                Tmut           16%        N/A       24%         2
 Fulminant Prism          Conj/Hex       20%        3d12      26%         4
 Iskenderun's Mystic Bla  Conj/Tloc      41%        2d9       26%         4
 Spider Form              Tmut/Pois      16%        N/A       43%         3
 Fireball                 Conj/Fire      20%        3d10      58%         5
 Yara's Violent Unravell  Hex/Tmut       8%         3d5       99%         5
 Simulacrum               Ice/Necr       20%        N/A       99%         6
 Starburst                Conj/Fire      20%        6d7       99%         6
 Enfeeble                 Hex            8%         N/A       100%        7
 Polar Vortex             Ice            30%        N/A       100%        9


Dungeon Overview and Level Annotations

Branches:
Dungeon (10/15)            Temple (1/1) D:4            Lair (0/5) D:8
    Orc: D:9-12

Altars:
Ashenzari
Cheibriados
Dithmenos
Elyvilon
Fedhas
Gozag
Hepliaklqana
Kikubaaqudgha
Makhleb
Nemelex Xobeh
Okawaru
Qazlal
Ru
Sif Muna
Trog
Uskayaw
Wu Jian
Yredelemnul
Zin
The Shining One

Shops:
D:4 !**   D:6 =

Annotations:
D:10 Erica, Psyche


Innate Abilities, Weirdness & Mutations

You are clumsy. (Dex -2)
Your flesh is cold resistant. (rC+)


Message History

Casting: Frozen Ramparts (safe; 1% risk of failure)
Confirm with . or Enter, or press ? or * to list all spells.
Aiming: Searing Ray (safe; 1% risk of failure)
Press: ? - help, Shift-Dir - straight line, f - thrashing horror
Aim: a thrashing horror (poison gas, wandering, hasn't noticed you, 83% to hit)
The searing ray hits the large abomination!
The large abomination is moderately damaged.
The searing ray hits the thrashing horror.
The thrashing horror is lightly damaged.
The thrashing horror roars! (Press . to maintain the ray.)
The thrashing horror resists.
The wall freezes the thrashing horror.
The wall freezes the large abomination.
The large abomination hits you!!
The thrashing horror resists.
The wall freezes the thrashing horror.
Casting: Searing Ray (safe; 1% risk of failure)
Confirm with . or Enter, or press ? or * to list all spells.
Restarting spell: Searing Ray (safe; 1% risk of failure)
Press: ? - help, Shift-Dir - straight line, f/p - thrashing horror
Aim: a thrashing horror (lightly damaged, 83% to hit)
The searing ray hits the large abomination!
The large abomination is heavily damaged.
The searing ray hits the thrashing horror.
The thrashing horror is moderately damaged. (Press . to maintain the ray.)
The thrashing horror resists.
The wall freezes the thrashing horror.
The wall freezes the small abomination!
The small abomination hits you!
The thrashing horror resists.
The wall freezes the thrashing horror.
The searing ray hits the large abomination.
The large abomination is heavily damaged.
The searing ray hits the thrashing horror.
The thrashing horror is moderately damaged.
The thrashing horror resists.
The wall freezes the thrashing horror.
The wall freezes the thrashing horror but does no damage.
The wall freezes the small abomination but does no damage.
The small abomination completely misses you.
The wall freezes the large abomination!
The large abomination hits you!!
* * * LOW HITPOINT WARNING * * *
The wall freezes the thrashing horror but does no damage.
The wall freezes the small abomination.
The small abomination hits you.
You die...

. ..
.#.°.......○
##.°...☼.○°° .
.○. ○...°.° .#
.##.☼ ....○#○
..
##°°☼..°.○..°
#.☼○..○.○°...#
. # .
#..#x..☼.☼. .
# #☼☼@XX°☼☼..
#####°...##.
°☼°.# .○.. ..○
. .. .. . . .


You could see a thrashing horror, a large abomination and a small abomination.

Vanquished Creatures
  Gastronok (D:9)
  A thrashing horror (Abyss:1)
  Pikel (D:4)
  Maggie (D:8)
  A troll (D:10)
  Grinder (D:3)
  Prince Ribbit (D:8)
  A ynoxinul (Abyss:1)
  2 wraiths
  2 wyverns (D:9)
  A vampire (D:8)
  A steam dragon (D:9)
  Menkaure (D:7)
  3 wargs (D:8)
  2 water moccasins
  A black bear (D:4)
  4 orc warriors (D:9)
  An ice beast (D:4)
  An ogre (D:5)
  A centaur (D:8)
  A kobold brigand (D:7)
  4 phantoms
  3 bullfrogs (D:7)
  A necrophage (D:5)
  A scorpion (D:5)
  22 wights
  10 killer bees
  2 howler monkeys (D:8)
  6 orc priests
  Crazy Yiuf (D:6)
  A gnoll bouda (D:5)
  3 hounds
  3 jellies
  4 iguanas
  13 orc wizards
  9 gnolls
  11 adders
  3 white imps
  2 worms
  A dart slug (D:1)
  44 orcs
  4 endoplasms
  3 giant cockroaches
  15 goblins
  7 hobgoblins
  5 jackals
  3 quokkas
  5 ball pythons
  2 frilled lizards
  13 kobolds
  4 rats
234 creatures vanquished.

Vanquished Creatures (others)
  An orc priest (D:9)
1 creature vanquished.

Grand Total: 235 creatures vanquished

Notes
Turn   | Place    | Note
-------+----------+-------------------------------------------
     0 | D:1      | Ijustatesigmund the Deep Elf Conjurer began the quest for
                  | the Orb.
     0 | D:1      | Reached XP level 1. HP: 10/10 MP: 6/6
   326 | D:1      | Reached XP level 2. HP: 9/15 MP: 4/8
   354 | D:1      | Learned a level 2 spell: Searing Ray
   848 | D:2      | Reached skill level 4 in Spellcasting
  1054 | D:2      | Found a sacrificial altar of Ru.
  1076 | D:2      | Reached XP level 3. HP: 19/19 MP: 8/10
  1121 | D:2      | Reached skill level 5 in Conjurations
  1166 | D:2      | Identified the +1 chain mail of Pragmatism {rPois}
  1487 | D:3      | Noticed Grinder
  1514 | D:3      | Paralysed by Grinder for 4 turns
  1522 | D:3      | Paralysed by Grinder for 2 turns
  1530 | D:3      | Killed Grinder
  1531 | D:3      | Reached skill level 6 in Spellcasting
  1531 | D:3      | Reached XP level 4. HP: 24/24 MP: 0/14
  1531 | D:3      | Reached XP level 5. HP: 28/28 MP: 0/15
  1638 | D:3      | Learned a level 5 spell: Freezing Cloud
  1792 | D:3      | Found the +8 demon blade "Leech" {evervamp, Harm Drain rN+}
  1800 | D:3      | Reached XP level 6. HP: 32/32 MP: 11/17
  1899 | D:3      | Found a faded altar of an unknown god.
  1907 | D:3      | Identified the +0 ring mail of the Swan {Harm rPois rC-
                  | rCorr}
  2146 | D:3      | Reached skill level 1 in Ice Magic
  2842 | D:4      | Found Raorhenu's General Store.
  2843 | D:4      | Found Ulamna's Specific Store.
  2855 | D:4      | Bought a potion of mutation for 96 gold pieces
  2890 | D:4      | Noticed an ice beast
  2896 | D:4      | Killed an ice beast
  2897 | D:4      | Reached skill level 1 in Fighting
  2897 | D:4      | Reached skill level 1 in Air Magic
  3091 | D:4      | Gained mutation: You are clumsy. (Dex -2) [potion of
                  | mutation]
  3091 | D:4      | Gained mutation: You possess an exceptional clarity of
                  | mind. [potion of mutation]
  3092 | D:4      | Lost mutation: You are clumsy. (Dex -2) [potion of
                  | mutation]
  3092 | D:4      | Lost mutation: You possess an exceptional clarity of mind.
                  | [potion of mutation]
  3092 | D:4      | Gained mutation: You are clumsy. (Dex -2) [potion of
                  | mutation]
  3092 | D:4      | Gained mutation: Your flesh is cold resistant. (rC+)
                  | [potion of mutation]
  3327 | D:4      | Found a staircase to the Ecumenical Temple.
  3406 | Temple   | Entered the Ecumenical Temple
  3634 | D:4      | Reached XP level 7. HP: 24/38 MP: 10/19
  3794 | D:4      | Found Voijie's Distillery.
  3812 | D:4      | Reached skill level 7 in Spellcasting
  3907 | D:4      | Noticed Pikel
  3922 | D:4      | Killed Pikel
  3923 | D:4      | Reached XP level 8. HP: 45/45 MP: 9/21
  4354 | D:4      | Identified a scroll of acquirement
  4354 | D:4      | Acquired a book of Frost
  4362 | D:4      | Learned a level 3 spell: Frozen Ramparts
  4933 | D:5      | Entered Level 5 of the Dungeon
  4946 | D:5      | Reached skill level 1 in Ranged Weapons
  4946 | D:5      | Reached skill level 8 in Spellcasting
  5093 | D:5      | Identified the +5 quarterstaff of Karma {freeze, rPois
                  | Str+3 Dex+2}
  6534 | D:6      | Reached skill level 5 in Ice Magic
  6587 | D:6      | Reached skill level 5 in Air Magic
  6719 | D:6      | Found a runed translucent door.
  6720 | D:6      | Noticed Crazy Yiuf
  6726 | D:6      | Killed Crazy Yiuf
  7006 | D:6      | Reached skill level 9 in Spellcasting
  7007 | D:6      | Reached XP level 9. HP: 12/49 MP: 14/24
  7900 | D:6      | Found Kuaphoq's Jewellery Shop.
  8392 | D:7      | Reached skill level 11 in Spellcasting
  8392 | D:7      | Reached XP level 10. HP: 58/58 MP: 24/27
  8458 | D:7      | Noticed Menkaure
  8466 | D:7      | Killed Menkaure
  8627 | D:7      | Found a hazy altar of Hepliaklqana.
 10212 | D:8      | Found a white marble altar of Elyvilon.
 10690 | D:8      | Found a glowing golden altar of the Shining One.
 10869 | D:8      | Reached skill level 12 in Spellcasting
 11099 | D:8      | Found a staircase to the Lair.
 11496 | D:8      | Noticed Maggie
 11762 | D:8      | Killed Maggie
 11763 | D:8      | Reached XP level 11. HP: 62/62 MP: 21/29
 12317 | D:9      | Reached skill level 1 in Armour
 12421 | D:9      | You fall into a shaft and drop 1 floor!
 12421 | D:10     | Entered Level 10 of the Dungeon
 12543 | D:9      | Noticed Gastronok
 12561 | D:9      | Killed Gastronok
 12931 | D:9      | Noticed Prince Ribbit
 12942 | D:8      | Killed Prince Ribbit
 14065 | D:10     | Reached skill level 5 in Armour
 14220 | D:10     | Noticed Erica
 14223 | D:10     | Noticed Psyche
 14255 | Abyss:1  | Cast into level 1 of the Abyss (Psyche)
 14347 | Abyss:1  | Noticed a thrashing horror
 14362 | Abyss:1  | Killed a thrashing horror
 14472 | Abyss:1  | Noticed a thrashing horror
 14475 | Abyss:1  | HP: 1/62 [large abomination (25)]
 14475 | Abyss:1  | Slain by a small abomination

Illustrated notes

Levels and vault maps discovered:
D:1:      heliophobic_arrival_battle_scene, layout_loops_ring
D:2:      layout_basic, basic_altar, chequers_serial_rivers_marsh
D:3:      layout_rooms, shapermc_ecumenical_altar_starsandcircs, uniq_grinder
D:4:      layout_layer_cave, minmay_temple_entry_antechambers, serial_shops,
          shop, nicolae_specific_store, wad_rectangle_vault, uniq_pikel
D:5:      layout_cave_pods, nicolae_half_adder
D:6:      layout_loops_cross, serial_shops, shop, uniq_crazy_yiuf_cottage
D:7:      layout_loops_ring, nzn_hepliaklqana_mist_gate, uniq_menkaure
D:8:      layout_cave_pods, elyvilon_altar_1, mainiacjoe_overflow_paths,
          erik_lair_orcish_takeover, uniq_maggie
D:9:      layout_long_grid, uniq_prince_ribbit1, uniq_gastronok
D:10:     layout_roguey, xom_redecorated, lemuel_tele_altar,
          nicolae_hexahallways, uniq_psyche, uniq_nergalle, uniq_erica
Temple:   nicolae_temple_bog_church
Abyss:1:  base:
D:5

Skill      XL: |  1  2  3  4  5  6  7  8  9 10 11 |
---------------+----------------------------------+-----
Spellcasting   | 4 6 7 9 11 12 | 12.1
Conjurations   | 6 8 |  8.7
Ice Magic      | 2 3 5 8 |  8.7
Fighting       | 1 2 4 |  4.9
Air Magic      | 1 3 5 8 9 |  9.1
Ranged Weapons | 3 |  3.0
Armour         | 5 |  5.8
Dodging        | |  2.4
Stealth        | |  2.4

Action                     |  1- 3 |  4- 6 |  7- 9 | 10-12 || total
---------------------------+-------+-------+-------+-------++-------
  Melee: Staff             |     7 |       |       |       ||     7
         Quarterstaff      |       |       |       |     3 ||     3
         Unarmed           |       |       |       |     1 ||     1
   Fire: Shortbow          |       |       |   110 |    76 ||   186
   Cast: Magic Dart        |    42 |    95 |    27 |    50 ||   214
         Searing Ray       |     6 |     6 |    42 |    64 ||   118
         Frozen Ramparts   |       |       |    12 |    26 ||    38
         Freezing Cloud    |       |       |     2 |    24 ||    26
  Evoke: Wand              |       |       |       |     2 ||     2
    Use: Scroll            |     3 |     6 |     8 |    10 ||    27
         Potion            |     5 |     2 |     1 |     5 ||    13
 Armour: Skin              |     6 |       |       |       ||     6
         Robe              |       |     2 |     7 |     7 ||    16
         Swamp dragon scal |       |       |       |    39 ||    39
  Dodge: Dodged            |     1 |     4 |    35 |    67 ||   107

Table legend: (Time is in decaauts)
 A = Elapsed time spent in this place.
 B = Non-inter-level travel time spent in this place.
 C = Inter-level travel time spent in this place.
 D = Time resting spent in this place.
 E = Time spent auto-exploring this place.
 F = Levels seen in this place.
 G = Mean time per level.
                   A        B        C        D        E       F      G
               +--------+--------+--------+--------+--------+-----+--------+
         Total |  14626 |  14317 |    309 |   5597 |   7129 |  12 | 1218.8 |
       Dungeon |  14196 |  13904 |    292 |   5439 |   6949 |  10 | 1419.6 |
        Temple |    208 |    191 |     17 |      0 |    178 |   1 |  208.0 |
         Abyss |    221 |    221 |      0 |    158 |      2 |   1 |  221.0 |
               +--------+--------+--------+--------+--------+-----+--------+

Top non-repeatable levels by time:
     D:7: 2366 daAuts
     D:4: 2219 daAuts
     D:8: 1960 daAuts
     D:6: 1656 daAuts
     D:9: 1593 daAuts
     D:5: 1493 daAuts
     D:3: 926 daAuts
     D:1: 809 daAuts
     D:2: 791 daAuts
    D:10: 378 daAuts
 Abyss:1: 221 daAuts
  Temple: 208 daAuts
